 Dungeon Crawl Stone Soup version 0.30-a0-956-gcec3b41aec (webtiles) character file.

Game seed: 1443720095834872741

359 billz999 the Shooter (level 6, -1/35 HPs)
             Began as a Gargoyle Hunter on Mar 29, 2023.
             Was a Follower of Okawaru.
             Slain by a black bear (3 damage)
             ... on level 5 of the Dungeon.
             The game lasted 00:05:55 (3166 turns).

billz999 the Shooter (Gargoyle Hunter)              Turns: 3166, Time: 00:05:56

Health: -1/35      AC:  7    Str: 18    XL:     6   Next: 65%
Magic:  10/10      EV: 16    Int: 21    God:    Okawaru [*.....]
Gold:   265        SH:  0    Dex: 16    Spells: 8/11 levels left

rFire   . . .      SeeInvis .    b - +7 Spriggan's Knife {stab, EV+4 Stlth+}
rCold   . . .      Faith    .    (no shield)
rNeg    + . .      Spirit   .    c - +0 leather armour
rPois   ∞          Reflect  .    (no helmet)
rElec   +          Rampage  .    (no cloak)
rCorr   .                        (no gloves)
Will    +....                    (no boots)
Stlth   +++                      (no amulet)
HPRegen 0.25/turn                g - +6 ring of strength
MPRegen 0.12/turn                n - +6 ring of intelligence

@: no status effects
A: sickness immunity, AC +4, negative energy resistance 1, electricity
resistance, torment resistance 1, petrification resistance, agile 1, clever 1,
strong-willed 1
a: Renounce Religion, Heroism


You were on level 5 of the Dungeon.
You worshipped Okawaru.
Okawaru was aware of your devotion.
You visited 2 branches of the dungeon, and saw 6 of its levels.

You collected 265 gold pieces.

Inventory:

Hand Weapons
 a - a +0 shortbow
 b - the +7 Spriggan's Knife (weapon) {stab, EV+4 Stlth+}
   (You found it on level 3 of the Dungeon)

   Stab:      It is more effective when stabbing unaware enemies, sometimes
   treating them as though they were completely helpless.
   EV:        It affects your evasion (+4).
   Stlth:     It makes you more stealthy.
 i - a +0 rapier
 m - a +2 dagger of speed
Missiles
 f - 3 javelins
Armour
 c - a +0 leather armour (worn)
Jewellery
 g - a +6 ring of strength (left hand)
 n - a +6 ring of intelligence (right hand)
 t - a +4 ring of protection
Scrolls
 d - a scroll of torment {unknown}
 j - 2 scrolls of poison {unknown}
 k - a scroll of butterflies {unknown}
 l - 2 scrolls of identify {unknown}
 q - a scroll of enchant weapon {unknown}
 r - 2 scrolls of immolation
 s - a scroll of teleportation {unknown}
 v - a scroll of magic mapping {unknown}
 w - a scroll of blinking {unknown}
Potions
 e - a potion of mutation
 h - 2 potions of invisibility {unknown}
 o - 2 potions of attraction {unknown}
 p - a potion of might {unknown}
 u - 2 potions of ambrosia {unknown}
 x - a potion of magic {unknown}


   Skills:
 - Level 2.1 Fighting
 - Level 4.7 Ranged Weapons
 - Level 1.5 Dodging
 - Level 1.1 Stealth
 - Level 3.0 Spellcasting
 - Level 3.0 Air Magic
 + Level 2.6 Poison Magic


You had 8 spell levels left.
You knew the following spells:

 Your Spells              Type           Power      Damage    Failure   Level
a - Mephitic Cloud        Conj/Pois/Air  11%        N/A       22%         3

Your spell library contained the following spells:

 Spells                   Type           Power      Damage    Failure   Level
 Poisonous Vapours        Pois/Air       28%        N/A       8%          2
 Kindle Blastsparks       Fire/Tloc/Air  14%        2d11      30%         3
 Fulminant Prism          Conj/Hex       1%         3d5       83%         4
 Iskenderun's Mystic Bla  Conj/Tloc      3%         2d3       83%         4
 Lee's Rapid Deconstruct  Erth           1%         3d4*      99%         5
 Cigotuvi's Dreadful Rot  Necr/Pois/Air  Unusable   N/A       N/A         2

Dungeon Overview and Level Annotations

Branches:
Dungeon (5/15)             Temple (1/1) D:4

Altars:
Cheibriados
Elyvilon
Fedhas
Gozag
Makhleb
Okawaru
Qazlal
Ru
Sif Muna
Trog
Uskayaw
Wu Jian
Xom
Zin
The Shining One

Annotations:
D:5 Sigmund


Innate Abilities, Weirdness & Mutations

You are immune to sickness and miasma.
Your stone body is resilient. (AC +4)
You are immune to poison.
You resist negative energy. (rN+)
You are resistant to electric shocks. (rElec)
You are resistant to unholy torment.
You are immune to petrification.
You are agile. (Dex +4, Str/Int -1)
Your mind is acute. (Int +4, Str/Dex -1)
You are strong-willed. (Will+)


Message History

The black bear is moderately wounded.
The black bear bites you but does no damage.
The black bear claws you. The black bear closely misses you.
You puncture the black bear!
The black bear is heavily wounded.
The black bear bites you.
The black bear claws you but does no damage.
The black bear completely misses you.
You hit the black bear.
The black bear is almost dead.
The black bear barely misses you. The black bear claws you.
* * * LOW HITPOINT WARNING * * *
The black bear misses you. Something barely misses you.
You closely miss the black bear. You punch the black bear.
The black bear is almost dead.
The black bear misses you. The black bear closely misses you.
The black bear claws you.
* * * LOW HITPOINT WARNING * * *
Something barely misses you.
You hit the black bear but do no damage.
The black bear is almost dead.
The black bear goes berserk!
You barely miss the black bear.
The black bear is severely wounded.
The black bear misses you. The black bear barely misses you.
The black bear claws you.
* * * LOW HITPOINT WARNING * * *
Something hits you.
* * * LOW HITPOINT WARNING * * *
The black bear misses you. The black bear closely misses you. x2
You hit the black bear.
The black bear is almost dead.
The black bear bites you but does no damage.
The black bear claws you but does no damage. x2
Something barely misses you.
It was a potion of mutation.
You feel extremely strange.
You feel agile.
You feel strong-willed.
You feel clever. The black bear closely misses you.
The black bear barely misses you.
The black bear closely misses you. x2; The black bear claws you.
You die...

...... #
...... .
......# .##
......†##
##...
#.<##....
#######.#..#
#.........#
#.........####
#.........@h.#
#######...##{#
###.# ... #..
##... ##..
..... ... ..##
... .# ... .#


You could see a black bear (berserk).

Vanquished Creatures
  A scorpion (D:4)
  A howler monkey (D:4)
  4 hounds
  An orc priest (D:4)
  An iguana (D:4)
  2 gnolls (D:5)
  An ufetubus (D:4)
  A worm (D:3)
  5 orcs (D:4)
  7 ball pythons
  4 endoplasms
  2 giant cockroaches
  4 goblins
  6 hobgoblins
  A jackal (D:4)
  3 quokkas
  5 frilled lizards (D:1)
  6 kobolds
  4 rats
59 creatures vanquished.

Notes
Turn   | Place    | Note
-------+----------+-------------------------------------------
     0 | D:1      | billz999 the Gargoyle Hunter began the quest for the Orb.
     0 | D:1      | Reached XP level 1. HP: 12/12 MP: 1/1
   208 | D:1      | Reached XP level 2. HP: 17/17 MP: 2/2
   546 | D:1      | Reached skill level 1 in Spellcasting
   986 | D:2      | Reached XP level 3. HP: 21/21 MP: 5/5
  1128 | D:2      | Found a white marble altar of Elyvilon.
  1428 | D:3      | Found the +7 Spriggan's Knife {stab, EV+4 Stlth+}
  2205 | D:4      | Reached XP level 4. HP: 16/26 MP: 6/8
  2321 | D:4      | Found a staircase to the Ecumenical Temple.
  2345 | Temple   | Entered the Ecumenical Temple
  2479 | Temple   | Became a worshipper of Warmaster Okawaru
  2484 | Temple   | Learned a level 3 spell: Mephitic Cloud
  2672 | D:4      | Reached skill level 1 in Air Magic
  2672 | D:4      | Reached skill level 1 in Poison Magic
  2672 | D:4      | Reached XP level 5. HP: 28/30 MP: 9/9
  2730 | D:4      | Reached XP level 6. HP: 28/35 MP: 10/10
  2790 | D:4      | Reached * piety under Okawaru
  3100 | D:5      | Entered Level 5 of the Dungeon
  3145 | D:5      | Noticed a black bear
  3149 | D:5      | Noticed Sigmund
  3164 | D:5      | HP: 1/35 [something (1)]
  3166 | D:5      | Gained mutation: You are agile. (Dex +4, Str/Int -1)
                  | [potion of mutation]
  3166 | D:5      | Gained mutation: You are strong-willed. (Will+) [potion of
                  | mutation]
  3166 | D:5      | Gained mutation: Your mind is acute. (Int +4, Str/Dex -1)
                  | [potion of mutation]
  3166 | D:5      | Slain by a black bear

Illustrated notes

Levels and vault maps discovered:
D:1:      eino_arrival_druids_welcome, layout_loops_ring
D:2:      layout_loops_ring, basic_altar, minmay_statues_item
D:3:      layout_basic, minmay_tree_intersection
D:4:      layout_basic, minmay_temple_entry_proselytizer,
          hangedman_minor_gate_pass
D:5:      layout_rooms, kennysheep_little_box, uniq_sigmund, uniq_duvessa
Temple:   nicolae_temple_superstar

Skill      XL: |  1  2  3  4  5  6 |
---------------+-------------------+-----
Spellcasting   | 1 2 3 |  3.0
Air Magic      | 1 2 3 |  3.0
Poison Magic   | 1 2 |  2.6
Fighting       | |  2.1
Ranged Weapons | |  4.7
Dodging        | |  1.5
Stealth        | |  1.1

Action                     |  1- 3 |  4- 6 || total
---------------------------+-------+-------++-------
  Melee: Knife             |     6 |    73 ||    79
         Punch             |     1 |     1 ||     2
         Dagger            |     1 |       ||     1
   Fire: Shortbow          |    81 |    44 ||   125
    Use: Potion            |       |     1 ||     1
   Stab: Sleeping          |     1 |       ||     1
 Armour: Leather armour    |     8 |    27 ||    35
  Dodge: Dodged            |    19 |    65 ||    84

Table legend: (Time is in decaauts)
 A = Elapsed time spent in this place.
 B = Non-inter-level travel time spent in this place.
 C = Inter-level travel time spent in this place.
 D = Time resting spent in this place.
 E = Time spent auto-exploring this place.
 F = Levels seen in this place.
 G = Mean time per level.
                   A        B        C        D        E       F      G
               +--------+--------+--------+--------+--------+-----+--------+
         Total |   3190 |   2989 |    201 |      0 |   2541 |   6 |  531.7 |
       Dungeon |   3044 |   2863 |    181 |      0 |   2441 |   5 |  608.8 |
        Temple |    145 |    125 |     20 |      0 |    100 |   1 |  145.0 |
               +--------+--------+--------+--------+--------+-----+--------+

Top non-repeatable levels by time:
     D:3: 842 daAuts
     D:4: 764 daAuts
     D:1: 703 daAuts
     D:2: 666 daAuts
  Temple: 145 daAuts
     D:5: 67 daAuts
